 Dungeon Crawl Stone Soup version 0.22-a0-135-g6f012ad (webtiles) character file.

1178 tsouns the Fighter (level 8, 0/71 HPs)
             Began as a Gnoll Wanderer on Jan 31, 2018.
             Was an Initiate of Gozag.
             Killed from afar by Azzok's ghost (34 damage)
             ... with a stone arrow
             ... on level 6 of the Dungeon.
             The game lasted 00:11:38 (5617 turns).

tsouns the Fighter (Gnoll Wanderer)                 Turns: 5617, Time: 00:11:39

Health: 0/71       AC:  9    Str: 13    XL:     8   Next: 41%
Magic:  12/12      EV: 12    Int: 18    God:    Gozag
Gold:   186        SH:  0    Dex: 15    Spells: 13/13 levels left

rFire    . . .     SeeInvis .   h - +2 whip (elec)
rCold    . . .     Gourm    .   (no shield)
rNeg     . . .     Faith    .   b - +0 ring mail
rPois    .         Spirit   .   (no helmet)
rElec    .         Reflect  .   (no cloak)
rCorr    .         Harm     .   g - +2 pair of gloves
MR       .....                  (no boots)
Stlth    ++........             (no amulet)
HPRegen  0.21/turn              (no ring)
MPRegen  0.13/turn              (no ring)

@: lethally poisoned (0 -> -33)
A: distributed training, fangs 1, strong nose
a: Potion Petition, Call Merchant, Bribe Branch, Renounce Religion


You were on level 6 of the Dungeon.
You worshipped Gozag.
Gozag was aware of your devotion.
You were not hungry.

You visited 2 branches of the dungeon, and saw 7 of its levels.

You collected 261 gold pieces.
You paid 75 gold pieces to Gozag.

Inventory:

Hand Weapons
 a - a +2 hand axe
 h - a +2 whip of electrocution (weapon)
Missiles
 i - 221 stones (quivered)
 j - 29 bolts
 p - 9 tomahawks
 s - 67 arrows
 u - 29 sling bullets
Armour
 b - a +0 ring mail (worn)
 g - a +2 pair of gloves (worn)
Scrolls
 c - a scroll of enchant armour
 f - 2 scrolls of remove curse
 l - a scroll of amnesia
 q - 3 scrolls of teleportation
 t - a scroll of blinking
 v - 2 scrolls of magic mapping
Potions
 e - a potion of haste
 k - a potion of flight {unknown}
 m - a potion of degeneration {unknown}
 n - a potion of cancellation {unknown}
 o - a potion of brilliance {unknown}
 r - a potion of mutation {unknown}
 w - a potion of magic {unknown}
 z - a potion of curing {unknown}
Comestibles
 d - 7 rations


   Skills:
 + Level 9.1 Fighting
 + Level 3.2 Short Blades
 + Level 3.2 Long Blades
 + Level 5.6 Axes
 + Level 3.2 Maces & Flails
 + Level 3.2 Polearms
 + Level 3.2 Staves
 + Level 3.2 Slings
 + Level 3.2 Bows
 + Level 3.2 Crossbows
 + Level 3.2 Throwing
 + Level 5.6 Armour
 + Level 3.2 Dodging
 + Level 4.0 Stealth
 + Level 3.2 Shields
 + Level 3.2 Unarmed Combat
 + Level 3.2 Spellcasting
 + Level 2.6 Conjurations
 + Level 2.6 Hexes
 + Level 2.6 Charms
 + Level 2.6 Summonings
 + Level 2.6 Necromancy
 + Level 2.6 Translocations
 + Level 2.6 Transmutations
 + Level 2.6 Fire Magic
 + Level 2.6 Ice Magic
 + Level 2.6 Air Magic
 + Level 2.6 Earth Magic
 + Level 2.6 Poison Magic
 + Level 3.5 Invocations
 + Level 4.1 Evocations


You had 13 spell levels left.
You didn't know any spells.

Dungeon Overview and Level Annotations

Branches:
Dungeon (6/15)             Temple (1/1) D:5

Altars:
Cheibriados
Dithmenos
Elyvilon
Fedhas
Gozag
Hepliaklqana
Kikubaaqudgha
Makhleb
Nemelex Xobeh
Qazlal
Ru
Sif Muna
Uskayaw
Vehumet
Wu Jian
Xom
Yredelemnul
Zin
The Shining One

Shops:
D:5 *

Annotations:
D:6 Azzok's ghost, novice GrEE


Innate Abilities, Weirdness & Mutations

Your experience applies equally to all skills.
You have very sharp teeth.
Your uncanny sense of smell can sniff out nearby items.


Message History

Azzok's ghost lets out a mournful wail.
Azzok's ghost completely misses you.
You hit Azzok's ghost but do no damage.
Azzok's ghost is lightly damaged.
You feel very sick.
Azzok's ghost hits you but does no damage.
You are more poisoned.
You hit Azzok's ghost.
Azzok's ghost is moderately damaged.
You feel very sick. Azzok's ghost casts a spell at you.
The wall shatters!
The blast of rock fragments hits you!
You hit Azzok's ghost but do no damage.
You bite Azzok's ghost, but do no damage.
Azzok's ghost is moderately damaged.
You feel sick.
Azzok's ghost gestures at you while chanting.
The stone arrow hits you!
You die...
Your body crumbles into a pile of gold.

######### .......>#
########.#########
...............W@#
####............##
.....#....#####.#
.#####....##.##.#
.##.......##....######
###.#........#........
###.#.......##........
..W..##..#..##........
.##..##..#..##........


You could see Azzok's ghost.

Vanquished Creatures
  A sky beast (D:5)
  The ghost of p0werm0de the Chopper, an amateur DDCK of Xom (D:5)
  A necrophage (D:5)
  A phantom (D:5)
  3 ogres
  The ghost of KristoblXynda the Ducker, an amateur FeMo (D:3)
  3 crimson imps (D:5)
  3 orc priests
  A hound (D:5)
  An iguana (D:5)
  A worker ant (D:4)
  2 hound skeletons
  A howler monkey zombie (D:5)
  3 gnolls (D:3)
  7 adders
  An adder skeleton (D:4)
  3 worms
  A dart slug (D:3)
  6 leopard geckos
  13 orcs
  9 bats
  4 giant cockroaches
  8 hobgoblins
  5 jackals
  A quokka (D:3)
  3 ball pythons (D:4)
  7 frilled lizards
  A giant cockroach zombie (D:5)
  4 goblins
  6 kobolds
  A quokka skeleton (D:5)
  A quokka zombie (D:5)
  6 rats
110 creatures vanquished.

Vanquished Creatures (others)
  A plant (D:4)
1 creature vanquished.

Grand Total: 111 creatures vanquished

Notes
Turn   | Place    | Note
-------+----------+-------------------------------------------
     0 | D:1      | tsouns the Gnoll Wanderer began the quest for the Orb.
     0 | D:1      | tsouns set off with: a +2 hand axe, a +0 ring mail, a potion of lignification, a ration
     0 | D:1      | Reached XP level 1. HP: 26/26 MP: 2/2
   319 | D:1      | Reached XP level 2. HP: 33/33 MP: 3/3
   729 | D:2      | Reached XP level 3. HP: 34/38 MP: 4/4
   944 | D:2      | Reached skill level 1 in Invocations
  1127 | D:2      | Found a stormy altar of Qazlal.
  1194 | D:2      | Reached skill level 1 in Short Blades
  1194 | D:2      | Reached skill level 1 in Long Blades
  1194 | D:2      | Reached skill level 1 in Maces & Flails
  1194 | D:2      | Reached skill level 1 in Polearms
  1194 | D:2      | Reached skill level 1 in Staves
  1194 | D:2      | Reached skill level 1 in Slings
  1194 | D:2      | Reached skill level 1 in Bows
  1194 | D:2      | Reached skill level 1 in Crossbows
  1194 | D:2      | Reached skill level 1 in Throwing
  1194 | D:2      | Reached skill level 1 in Dodging
  1194 | D:2      | Reached skill level 1 in Shields
  1194 | D:2      | Reached skill level 1 in Unarmed Combat
  1194 | D:2      | Reached skill level 1 in Spellcasting
  1246 | D:2      | Reached XP level 4. HP: 42/45 MP: 6/6
  1249 | D:2      | Found an ancient bone altar of Kikubaaqudgha.
  1348 | D:3      | Noticed KristoblXynda's ghost (amateur FeMo)
  1691 | D:3      | Reached skill level 1 in Conjurations
  1691 | D:3      | Reached skill level 1 in Hexes
  1691 | D:3      | Reached skill level 1 in Charms
  1691 | D:3      | Reached skill level 1 in Summonings
  1691 | D:3      | Reached skill level 1 in Necromancy
  1691 | D:3      | Reached skill level 1 in Translocations
  1691 | D:3      | Reached skill level 1 in Transmutations
  1691 | D:3      | Reached skill level 1 in Fire Magic
  1691 | D:3      | Reached skill level 1 in Ice Magic
  1691 | D:3      | Reached skill level 1 in Air Magic
  1691 | D:3      | Reached skill level 1 in Earth Magic
  1691 | D:3      | Reached skill level 1 in Poison Magic
  1706 | D:3      | Reached XP level 5. HP: 25/51 MP: 7/7
  2332 | D:3      | Killed KristoblXynda's ghost
  2332 | D:3      | Reached XP level 6. HP: 48/57 MP: 8/8
  2679 | D:4      | Reached skill level 5 in Axes
  2679 | D:4      | Reached skill level 5 in Armour
  3688 | D:5      | Entered Level 5 of the Dungeon
  3699 | D:5      | Reached XP level 7. HP: 60/63 MP: 10/10
  3902 | D:5      | Noticed p0werm0de's ghost (amateur DDCK)
  4174 | D:5      | Killed p0werm0de's ghost
  4444 | D:5      | Reached skill level 9 in Fighting
  4482 | D:5      | Reached XP level 8. HP: 54/71 MP: 12/12
  4666 | D:5      | Found Nytagh's Needful Niceties.
  4866 | D:5      | Found a blossoming altar of Fedhas.
  4998 | D:5      | Found a staircase to the Ecumenical Temple.
  5013 | Temple   | Entered the Ecumenical Temple
  5239 | Temple   | Became a worshipper of Gozag Ym Sagoz the Greedy
  5427 | D:6      | Noticed Azzok's ghost (novice GrEE)
  5617 | D:6      | Killed from afar by Azzok's ghost

Vault maps used:
D:1:      scummos_arrival_forest
D:2:      minmay_wonky_spiral, marbit_many_paths, nrook_mini_backslash,
          nicolae_qazlal_eye_of_the_storm
D:4:      first_ration, saegor_snake_ambush
D:5:      minmay_temple_entry_fiery, nicolae_alphabet_shops, fedhas_altar_4
D:6:      grunt_gozag_breadcrumbs
Temple:   dpeg_five_rooms_temple

Skill      XL: |  1  2  3  4  5  6  7  8 |
---------------+-------------------------+-----
Invocations    | 1 2 3 |  3.5
Short Blades   | 1 2 3 |  3.2
Long Blades    | 1 2 3 |  3.2
Maces & Flails | 1 2 3 |  3.2
Polearms       | 1 2 3 |  3.2
Staves         | 1 2 3 |  3.2
Slings         | 1 2 3 |  3.2
Bows           | 1 2 3 |  3.2
Crossbows      | 1 2 3 |  3.2
Throwing       | 1 2 3 |  3.2
Dodging        | 1 2 3 |  3.2
Shields        | 1 2 3 |  3.2
Unarmed Combat | 1 2 3 |  3.2
Spellcasting   | 1 2 3 |  3.2
Conjurations   | 1 2 |  2.6
Hexes          | 1 2 |  2.6
Charms         | 1 2 |  2.6
Summonings     | 1 2 |  2.6
Necromancy     | 1 2 |  2.6
Translocations | 1 2 |  2.6
Transmutations | 1 2 |  2.6
Fire Magic     | 1 2 |  2.6
Ice Magic      | 1 2 |  2.6
Air Magic      | 1 2 |  2.6
Earth Magic    | 1 2 |  2.6
Poison Magic   | 1 2 |  2.6
Evocations     | 3 4 |  4.1
Stealth        | 3 4 |  4.0
Axes           | 5 |  5.6
Armour         | 5 |  5.6
Fighting       | 9 |  9.1

Action                   |  1- 3 |  4- 6 |  7- 9 || total
-------------------------+-------+-------+-------++-------
Melee: Hand axe          |    82 |     7 |       ||    89
       Bite              |     9 |    18 |    15 ||    42
       Punch             |     1 |     2 |     2 ||     5
       Whip              |    28 |   183 |   133 ||   344
Throw: Stone             |       |     6 |       ||     6
  Use: Scroll            |       |     9 |     3 ||    12
       Potion            |       |     2 |     1 ||     3
 Stab: Sleeping          |     2 |       |     1 ||     3
  Eat: Chunk             |     1 |     8 |     2 ||    11
       Ration            |       |       |     2 ||     2
Armor: Ring mail         |    40 |    77 |    38 ||   155
       Skin              |       |     5 |       ||     5
Dodge: Dodged            |    72 |    98 |    53 ||   223

Table legend:
 A = Spawn XP
 B = Non-spawn XP
 C = Spawn XP percentage of total XP
 D = Spawn monster count
 E = Non-spawn monster count
 F = Spawn count percentage of total count
 G = Total turns spent on level
                    A         B        C        D         E        F      G
               +---------+---------+-------+---------+---------+-------+---------
         Total |       0 |    1683 |   0.0 |       0 |     110 |   0.0 |  5617
               +---------+---------+-------+---------+---------+-------+---------
           D:1 |       0 |      23 |   0.0 |       0 |      14 |   0.0 |   598
           D:2 |       0 |      70 |   0.0 |       0 |      26 |   0.0 |  1062
           D:3 |       0 |     261 |   0.0 |       0 |      28 |   0.0 |   750
           D:4 |       0 |     216 |   0.0 |       0 |      18 |   0.0 |  1832
           D:5 |       0 |    1100 |   0.0 |       0 |      23 |   0.0 |  1000
           D:6 |       0 |      13 |   0.0 |       0 |       1 |   0.0 |    96
               +---------+---------+-------+---------+---------+-------+---------
